Cogmind - Beta 15 @@@ ROGUE MODE // 2025.06.26 @ 20:32:49 Player: Ladmageddon Result: Destroyed by S-10 Pest with Light Assault Rifle Performance ------------- Evolutions (0) 0 Regions Visited (1) 200 Robots Destroyed (12) 60 Value Destroyed (301) 301 Prototype IDs (0) 0 Alien Tech Used (0) 0 Bonus (0) 0 TOTAL SCORE: 561 Bonus ------- None Cogmind --------- Core Integrity 0/250 Matter 265/300 Energy 44/250 System Corruption 0% Temperature Cool (0) Movement Rolling (100) Location -10/Materials Parts ------- > --- POWER (1) -------- Ion Engine > --- PROPULSION (2) --- Compact Wheel Compact Wheel > --- UTILITY (2) ------ Small Storage Unit Improved Terrain Scanner > --- WEAPON (2) ------- Small Laser > --- INVENTORY (8) ---- Ion Engine Seismic Detector Mining Laser Peak State ------------ > --- POWER ------------ Ion Engine > --- PROPULSION ------- Light Treads Light Treads > --- UTILITY ---------- Small Storage Unit Improved Terrain Scanner > --- WEAPON ----------- EM Pulse Gun Medium Laser > --- INVENTORY -------- Ion Engine Compact Wheel Compact Wheel Seismic Detector Assault Rifle Mining Laser [Rating: 9] Favorites ----------- Power Ion Engine Engine Ion Engine Propulsion Light Treads Treads Light Treads Wheel Compact Wheel Utility Small Storage Unit Device Improved Terrain Scanner Storage Small Storage Unit Weapon EM Pulse Gun Energy Gun EM Pulse Gun Ballistic Gun Assault Rifle Special Weapon Mining Laser Build | -11 -10 ------- Run | Yrd Mat Slots Evolved . | . . Power . | . . Propulsion . | . . Utility . | . . Weapon . | . . Parts Attached 15 | 8 7 Power 2 | 1 1 Engine 2 | 1 1 Core . | . . Reactor . | . . Propulsion 4 | 2 2 Treads 2 | 2 . Leg . | . . Wheel 2 | . 2 Hover . | . . Flight . | . . Utility 3 | 3 . Device 2 | 2 . Storage 1 | 1 . Processor . | . . Hackware . | . . Protection . | . . Artifact . | . . Weapon 6 | 2 4 Energy Gun 4 | 2 2 Energy Cannon . | . . Ballistic Gun 1 | . 1 Ballistic Cannon . | . . Launcher . | . . Special Weapon 1 | . 1 Impact Weapon . | . . Slashing Weapon . | . . Piercing Weapon . | . . Special Melee Weapon . | . . Unidentified Prototypes . | . . Parts Lost 7 | . 7 Power 1 | . 1 Propulsion 2 | . 2 Utility . | . . Weapon 4 | . 4 Highest Loss Streak 7 | . 7 To Critical Strikes . | . . Average Backups 5 | 4 5 Power . | . 1 Propulsion 1 | 1 1 Utility . | . 1 Weapon 1 | 1 1 Tool/Special . | . . Unused Backups 1 | . 1 Power 1 | . 1 Propulsion . | . . Utility . | . . Weapon . | . . Tool/Special . | . . Average Slot Usage (%) 85 | . 85 Engine 10 | . 10 Treads 20 | . 20 Wheel 1 | . 1 Device 14 | . 14 Storage 14 | . 14 Energy Gun 16 | . 16 Ballistic Gun 4 | . 4 Special Weapon 4 | . 4 Peak Build Rating 9 | 9 9 Average Rating 6 | 4 8 On Entrance 4 | . 9 Naked Turns . | . . Heaviest Build 15 | 15 15 Greatest Support 40 | 40 40 Greatest Overweight (x) 2 | 2 2 Average Overweight (x) . | . . Largest Inventory Capacity 8 | 8 8 Average Capacity 7 | 5 8 Most Carried 7 | 6 7 Average Carried 5 | 4 5 Final Capacity 8 | 8 8 Final Carried 6 | 6 3 Class Distribution -------------------- 100% | Mutant Dominant Class ---------------- Mutant | -10/Materials Resources | -11 -10 ----------- Run | Yrd Mat Matter Collected 369 | 265 104 Remotely . | . . Salvage Created 471 | 147 324 Parts 36 | 8 28 Haulers Intercepted . | . . Recyclers Shooed 1 | . 1 Parts Field Recycled . | . . Retrieved Matter . | . . Parts Self-Destructed . | . . Prevented . | . . Kills | -11 -10 ------- Run | Yrd Mat Combat Hostiles Destroyed 9 | . 9 Guns 8 | . 8 Classes Destroyed 4 | 2 2 Tunneler 2 | 2 . Recycler 1 | 1 . Swarmer 2 | . 2 Grunt 7 | . 7 Best Kill Streak 5 | 2 5 Combat Bots Only 5 | . 5 Max Kills in Single Turn 1 | 1 1 Gunslinging . | . . Exploded . | . . Melee . | . . Uniques/NPCs Destroyed . | . . Combat | -11 -10 -------- Run | Yrd Mat Hostile Shots Fired 124 | . 124 Missed 25 | . 25 Hits 99 | . 99 Projectile 99 | . 99 Critical Strikes 1 | . 1 Damage Taken 1037 | . 1037 Core 258 | . 258 Absorbed by Shields . | . . Core Remaining (%) 100 | 100 . Volleys Fired 50 | 9 41 Largest 2 | 2 2 Hottest 100 | 90 100 Shots Fired 79 | 18 61 Gun 77 | 18 59 Cannon . | . . Launcher . | . . Special 2 | . 2 Kinetic 18 | . 18 Thermal 40 | 9 31 Explosive . | . . Electromagnetic 21 | 9 12 Robot Hit Streak 6 | 5 6 Robot Miss Streak 4 | 3 4 Penetration Max . | . . Secondary Targets 1 | . 1 Max Gunslinging Chain 1 | . 1 Shots Hit Robots 42 | 10 32 Core Hits 20 | 4 16 Critical Kills . | . . Critical Parts Destroyed . | . . Critical Strikes 4 | 2 2 Burn 4 | 2 2 Melee Attacks . | . . Impact . | . . Slashing . | . . Piercing . | . . Sneak Attacks . | . . Combat Hostiles . | . . Follow-up Attacks . | . . Damage Inflicted 556 | 145 411 Guns 556 | 145 411 Cannons . | . . Explosions . | . . Melee . | . . Ramming . | . . Kinetic 161 | . 161 Thermal 254 | 75 179 Explosive . | . . Electromagnetic 141 | 70 71 Impact . | . . Slashing . | . . Piercing . | . . Highest Corruption . | . . Average Corruption . | . . Corruption Purged . | . . Corruption Blocked . | . . Overload Shots . | . . Overflow Damage . | . . Projectiles . | . . Explosions . | . . Melee . | . . Knockbacks . | . . Impact . | . . Kinetic . | . . Secondary . | . . Self-Inflicted Damage . | . . Shots . | . . Rammed . | . . Targets Rammed . | . . Kicked . | . . Crushed . | . . Highest Temperature 122 | 120 122 Average Temperature 44 | 43 45 Received Heat Transfer 435 | . 435 Siege Activations . | . . Martial Activations . | . . Shielding Activations . | . . Robots Disrupted . | . . Combat Hostiles . | . . Robots Corrupted . | . . Combat Hostiles . | . . Parts Fried 1 | . 1 Impact Corruptions . | . . Robots Melted 1 | . 1 Combat Hostiles 1 | . 1 Parts Melted 1 | . 1 Heat Transferred 1013 | 370 643 Parts Sabotaged . | . . Parts Stolen . | . . Parts Stripped . | . . Power Chain Reactions . | . . Alert | -11 -10 ------- Run | Yrd Mat Maximum Alert Level . | . . Low Security (%) 100 | 100 100 Level 1 . | . . Level 2 . | . . Level 3 . | . . Level 4 . | . . Level 5 . | . . High Security . | . . Max Security . | . . Peak Influence 115 | 10 115 Initial . | . . Average 29 | 1 45 Influence Increases 269 | 15 254 Destroy 0b10 Robot/C 180 | . 180 Destroy 0b10 Robot/NC 15 | 15 . Destroy Leader 20 | . 20 Successful Hack 7 | . 7 Disable Machine 15 | . 15 Destroy Structure 2 | . 2 Lose Combat Pursuer 30 | . 30 Influence Decreases 154 | 15 139 Time Decay 84 | 15 69 Lost Part 70 | . 70 Squads Dispatched 1 | . 1 Investigation 1 | . 1 Extermination . | . . Reinforcement . | . . Assault . | . . Garrison . | . . Intercept . | . . Searches Triggered . | . . Construction Impeded . | . . Haulers Reinforced . | . . Active Scanning Responses . | . . Cargo Convoy Interrupts . | . . Stealth | -11 -10 --------- Run | Yrd Mat Distress Signals 1 | . 1 Communications Jammed . | . . Distress Signals . | . . Times Spotted 12 | . 12 Peak Tracking Total 7 | . 7 Tactical Retreats 2 | . 2 Traps | -11 -10 ------- Run | Yrd Mat Traps Triggered . | . . Indirectly . | . . Trap Hack Attempts . | . . Triggered . | . . Disarmed . | . . Reprogrammed . | . . Reused . | . . Traps Extracted . | . . Installed . | . . Triggered . | . . Machines | -11 -10 ---------- Run | Yrd Mat Machines Disabled 1 | . 1 Max in Single Turn 1 | . 1 Machines Repaired . | . . Machines Dismantled . | . . Machines Sabotaged . | . . Overloaded Fab Kills . | . . Hacking | -11 -10 --------- Run | Yrd Mat Machines Accessed 1 | . 1 Terminals 1 | . 1 Fabricators . | . . Repair Stations . | . . Recycling Units . | . . Scanalyzers . | . . Garrison Access . | . . Total Hacks 6 | . 6 Successful 2 | . 2 Failed 4 | . 4 Catastrophic . | . . Database Lockouts . | . . Manual . | . . Terminals 6 | . 6 Fabricators . | . . Repair Stations . | . . Recycling Units . | . . Scanalyzers . | . . Garrison Access . | . . Terminal Hacks 2 | . 2 Record 1 | . 1 Transport Status 1 | . 1 Fabricator Hacks . | . . Repair Station Hacks . | . . Recycling Unit Hacks . | . . Scanalyzer . | . . Garrison Access Hacks . | . . Unauthorized Hacks . | . . Terminals . | . . Fabricators . | . . Repair Stations . | . . Recycling Units . | . . Scanalyzers . | . . Garrison Access . | . . Data Cores Recovered . | . . Used . | . . Hacking Detections 1 | . 1 Full Trace Events 1 | . 1 Feedback Events . | . . Feedback Blocked . | . . Robot Schematics Acquired . | . . Robots Built . | . . Authchips . | . . Time . | . . Total Robot Build Rating . | . . Part Schematics Acquired . | . . Parts Built . | . . Authchips . | . . Time . | . . Total Part Build Rating . | . . Parts Repaired . | . . Time . | . . Parts Recycled . | . . Recycled Matter . | . . Retrieved Matter . | . . Retrieved Components . | . . Parts Scanalyzed . | . . Part Schematics Acquired . | . . Parts Damaged . | . . Bothacking | -11 -10 ------------ Run | Yrd Mat Used RIF Installer . | . . Robots Hacked . | . . Non-combat . | . . Combat . | . . Robot Hacks Applied . | . . Relay Couplers Released . | . . Fabnet Peak Effective % . | . . Robots Rewired . | . . Allies Hacked . | . . Hacks Repelled . | . . Allies | -11 -10 -------- Run | Yrd Mat Total Allies . | . . Largest Group . | . . Highest-Rated Group . | . . Highest-Rated Ally . | . . Total Orders . | . . Ally Attacks . | . . Total Damage . | . . Kills . | . . Allies Corrupted . | . . Allies Melted . | . . Intel | -11 -10 ------- Run | Yrd Mat Active Infowar (turns) 237 | 29 208 Terrain 219 | 11 208 Seismic 18 | 18 . Robot Analysis Total . | . . Derelict Logs Recovered . | . . Drone Launches . | . . Drone Recoveries . | . . Exploration | -11 -10 ------------- Run | Yrd Mat Turns Passed 327 | 119 208 Spaces Moved 111 | 56 55 Core 25 | 19 6 Treads 86 | 37 49 Legs . | . . Wheels . | . . Hover . | . . Flight . | . . Fastest Speed 50 | 50 150 Average Speed 145 | 132 158 Slowest Speed 160 | 160 160 Overloaded Moves . | . . Propulsion Burnouts . | . . Robots Hopped . | . . Potential Cave-ins . | . . Cave-ins Triggered . | . . Exploration Rate (%) 8 | 3 14 Regions Visited 1 Branch Regions . Pre-discovered Areas . | . . Known Exits Taken . | . . Unknown Exits Taken 1 | 1 . Scrap Searched . | . . Spaces Dug 2 | . 2 Terrain Destroyed 2 | . 2 Melee . | . . Projectile 2 | . 2 AOE . | . . Terrain Rammed . | . . Walls Destroyed . | . . Machines Disabled . | . . Actions | -11 -10 --------- Run | Yrd Mat Total 190 | 80 110 Wait 3 | . 3 Move 110 | 55 55 Hop . | . . Pick Up 11 | 8 3 Fast Attach 5 | 5 . Attach 8 | 2 6 Detach . | . . Swap 3 | 1 2 Drop . | . . Fire 50 | 9 41 Melee . | . . Ram . | . . Kick . | . . Crush . | . . Escape Stasis . | . . Rewire . | . . Trap . | . . Miscellaneous . | . . Route ------- -11/Scrapyard -10/Materials History --------- Turn | Location | Event 15 | -11/Scrapyard | Discovered new exit (range 15) 120 | -11/Scrapyard | Entered Materials 296 | -10/Materials | Core integrity fell below 50% 315 | -10/Materials | Core integrity fell below 20% 328 | -10/Materials | Destroyed by S-10 Pest with Light Assault Rifle Last Messages --------------- Lgt. Treads destroyed. Acquired Sml. Laser. G-34 Mercenary suffers critical hit (Burn). R-06 Scavenger collects Ion Engine. G-34 Mercenary heat spikes uncontrollably. G-34 Mercenary heat damages core (-3). Sml. Laser melted. R-06 Scavenger collects Aluminum Leg. R-06 Scavenger collects Ion Engine. G-34 Mercenary destroyed. Sml. Laser destroyed. Acquired Ion Engine. R-06 Scavenger collects Aluminum Leg. Med. Laser destroyed. R-06 Scavenger collects Sml. Laser. R-06 Scavenger collects Heat Sink. S-10 Pest destroyed. R-06 Scavenger collects Lgt. Ion Engine. K-01 Serf collects debris. S-10 Pest destroyed. Map ----- +----------------------------------------------------+ | | | | | | | | | | | | | | | | | ?????????????????????????????????????????????????? | | ?????????????????????????????????????????????????? | | ???????????????????##????????????????????????????? | | ??????????????????#??#???????????????????????????? | | ??????????????????????????????? ?????????????????? | | ????????????????????????????????T"???????????????? | | ?????????????????? ??#??? ???????????????????????? | | ?????????????????? ??? ?? ?? ????????????????????? | | ?????????? ###+##????????????#???????????????????? | | ????????? ????#???????????????/???????????? | | ????????? ?? ? ????????????? #???? ??????? | | ???????? ???????? ???????? #? ?????????? | | ???????? ???????????#??? #???????????? | | ???????? ??? ?????????## #???????????? | | ??????? ?###????????#? #???????????? | | ??????? ?############# #??"????????? | | ?????? #!=%! r # #?"?????????? | | ?????? #%==@%%""" # #? ?????????? | | ?????????? "" #%"T=*=""" # #???????????? | | ?????????? "" #%""s%*""" + #???? #?????? | | ????????? " # %[= k # # ??????????? | | ????????? """ ############# #???????#???? | | ????????? " " #???#???????? | | ?????????? ^ ##??????????? | | ????????? #???????????? | | ???????? #?#?????????? | | ????????? "T" #???????????? | | ????????? "?" ######### ##??????????? | | ?????????? ? ???? ???# #?#?????????? | | ?????????? ????? ??????????# #####???????? | | ???????????? ???? ???? ??"???# #??#????? | | ?????????????? ????? ??? ????????# #???????? | | ??????????????? ?????? ?????"?" ?# #???????? | | ??????????????????????? ?????????#########???????? | | ??????????????????????? ????????#????????????????? | | ?????????????????????????????????????????#???????? | | ???????????????????????????????????????????????#?? | | ?????????????????????????????????????????????????? | | ?????????????????????????????????????????????????? | | ??????????????????????????????????#??????????????? | | ?????????????????????????????????????????????????? | | ?????????????????????????????????????????????????? | +----------------------------------------------------+ Best States ------------- Heat Dissipation 25 Energy Generation 10 Energy Capacity 250 Matter Stores 300 Matter Capacity 300 Sight Range 16 Terrain Scan Range 16 Terrain Scan Density 10 Evasion (%) 50 Recoil Reduction 2 Item Schematics ----------------- None Robot Schematics ------------------ None Fabricated ------------ Nothing Repaired ---------- Nothing Alien Tech Used ----------------- None Achievements -------------- None Challenges ------------ None Game ------ Seed AdvancedDroneBasin Manual? 0 Play Time 00:07:02 Cumulative 18.4 hours Start 2025.06.26 @ 20:28:33 End 2025.06.26 @ 20:32:49 Sessions 1 Manual Loads 0 Difficulty Rogue Special Mode None Game No. 45 Rogue 42 Adventurer 3 Explorer 0 Win Type - Total 0 Types 0/0/0/0/0/0/0/0/0/0 Lore% 12 Gallery% 24 Achievement% 22 Wizard Run 0 Options --------- Layout 1 ASCII 0 Keyboard 0 Movement Mouse Keybinds 0 Fullscreen 1 Font 16/SmallcapsGlow Map View 25x20 Zoom Use 97% Tactical HUD 0 Map Filters NONE Filters NONE Steam SD RUN: 09410d1c-4f3a-4f70-99a0-4b8856b79403